 Dungeon Crawl Stone Soup version 0.17-a0-1508-ge7f3dc3 (webtiles) character file.

32 Chiseanne the Magician (level 3, 24/24 HPs)
             Began as a Demonspawn Wizard on July 10, 2015.
             Quit the game on level 2 of the Dungeon.
             The game lasted 00:03:28 (1186 turns).

Chiseanne the Magician (Demonspawn Wizard)          Turns: 1186, Time: 00:03:28

Health: 24/24      AC:  3    Str:  7    XL:     3   Next: 8%
Magic:  8/8        EV: 12    Int: 20    God:
Gold:   94         SH:  0    Dex: 11    Spells: 1 memorised, 8 levels left

rFire  . . .     SeeInvis .     a - +1 club
rCold  . . .     Clarity  .     f - +0 robe
rNeg   . . .     SustAt   .     (no shield)
rPois  +         Gourm    .     (helmet restricted)
rElec  .         Spirit   .     (no cloak)
rCorr  .         Warding  .     (no gloves)
rMut   .         Stasis   .     i - +0 pair of boots
MR     .....                    (no amulet)
Stlth  ++........               (no ring)
                                l - ring of poison resistance

@: not resistant to hostile enchantments, unstealthy
A: horns 1, powered by death 1
a: no special abilities


You were on level 2 of the Dungeon.
You were not hungry.

You visited 1 branch of the dungeon, and saw 3 of its levels.

You collected 94 gold pieces.

Inventory:

Hand weapons
 a - a +1 club (weapon)
Missiles
 h - 7 tomahawks (quivered)
 k - 36 arrows
Armour
 e - a +0 helmet
 f - a +0 robe (worn)
 i - a +0 pair of boots (worn)
Jewellery
 l - a ring of poison resistance (left hand)
Scrolls
 b - a scroll of teleportation
Potions
 g - a potion of agility {unknown}
 j - a potion of degeneration {unknown}
Books
 c - a book of Minor Magic

   Spells                             Type                      Level
   a - Magic Dart                     Conjuration                  1
   b - Blink                          Translocation                2
   c - Call Imp                       Summoning                    2
   d - Repel Missiles                 Charms/Air                   2
   e - Slow                           Hexes                        2
   f - Conjure Flame                  Conjuration/Fire             3
   g - Mephitic Cloud                 Conjuration/Poison/Air       3
Comestibles
 d - a bread ration


   Skills:
 - Level 1.7 Dodging
 - Level 1.7 Stealth
 + Level 3.5 Spellcasting
 + Level 2.3 Conjurations
   Level 1.0 Summonings
   Level 0.8 Translocations


You had 8 spell levels left.
You knew the following spells:

 Your Spells              Type           Power        Failure   Level  Hunger
a - Magic Dart            Conj           ##..         6%          1    None


Dungeon Overview and Level Annotations

Branches:
Dungeon (3/15)

Altars:

Annotations:
D:2 Terence


Innate Abilities, Weirdness & Mutations

You have a pair of small horns on your head.
You regenerate a little health from kills.


Message History

Aiming: Magic Dart
Press: ? - help, Shift-Dir - straight line, f - adder
Aim: an adder (hasn't noticed you)
The magic dart hits the adder.
The adder is heavily wounded.
Casting: Magic Dart
Confirm with . or Enter, or press ? or * to list all spells.
Aiming: Magic Dart
Press: ? - help, Shift-Dir - straight line, f/p - adder
Aim: an adder (heavily wounded)
The magic dart hits the adder.
You kill the adder!
You have reached level 3!
Your experience leads to an increase in your attributes!
Increase (S)trength, (I)ntelligence, or (D)exterity?
You feel clever.
Your demonic ancestry asserts itself...
A pair of horns grows on your head!
Your +0 helmet falls away!
You feel less regenerative.
Are you sure you want to abandon this character and quit the game? (Confirm with "yes".)

##.......###
#..........
#........†#
#.........#
#.........#
#.......#
#.....# #@#
#.# #.#
##.########
#.........# .
#.........# #
#.........# #
#.........# #
#.........###


There were no monsters in sight!

Vanquished Creatures
  An adder (D:2)
  A giant gecko (D:2)
  3 bats
  2 goblins (D:2)
  3 hobgoblins (D:1)
  3 jackals (D:2)
  3 kobolds
  2 giant cockroaches
  A giant newt (D:1)
  4 rats
23 creatures vanquished.

Notes
Turn   | Place    | Note
--------------------------------------------------------------
     0 | D:1      | Chiseanne the Demonspawn Wizard began the quest for the Orb.
     0 | D:1      | Reached XP level 1. HP: 13/13 MP: 4/4
   287 | D:1      | Gained mutation: You regenerate a little health from kills. [demonic ancestry]
   287 | D:1      | Reached XP level 2. HP: 19/19 MP: 1/6
   975 | D:2      | Noticed Terence
  1160 | D:2      | Gained mutation: You have a pair of small horns on your head. [demonic ancestry]
  1160 | D:2      | Reached XP level 3. HP: 24/24 MP: 5/8
  1186 | D:2      | Quit the game

Vault maps used:
D:1:      minmay_arrival_semitransparent
D:2:      grunt_temple_overflow_magic_moments, uniq_terence
D:3:      first_bread

Action                   || total
-------------------------++-------
Melee: Club              ||    43
 Cast: Magic Dart        ||    52
  Use: Scroll            ||     4
  Eat: Chunk             ||     1
